 Dungeon Sprint DCSS version 0.31.0-32-g396128a36d (webtiles) character file.

Game seed: 938943455633813463

1574 boopmooplesden the Cleaver (level 8, -1/124 HPs)
             Began as a Minotaur Fighter on Mar 30, 2024.
             Was a High Priest of Trog.
             Succumbed to a swamp dragon's poison gas
             ... in the Dungeon (Sprint VII: "The Pits").
             The game lasted 00:01:46 (681 turns).

boopmooplesden the Cleaver (Minotaur Fighter)        Turns: 681, Time: 00:01:47

Health: -1/124     AC: 18    Str: 23    XL:     8   Next: 59%
Magic:  7/7        EV:  9    Int:  5    God:    Trog [*****.]
Gold:   0          SH:  6    Dex: 10    Spells: 7/7 levels left

rFire   . . .        a - +0 war axe
rCold   . . .        q - +0 buckler {AC+3}
rNeg    . . .        o - +3 chain mail
rPois   .            (helmet restricted)
rElec   .            (no cloak)
rCorr   .            (no gloves)
SInv    .            (no boots)
Will    .....        (no amulet) Stlth
                     (no ring)
HPRegen 0.40/turn    (no ring)
MPRegen 0.10/turn

%: no teleportation
@: berserking (expiring), lethally poisoned (-1 -> -36), very quick
A: horns 2, retaliatory headbutt
a: Renounce Religion, Berserk, Trog's Hand, Brothers in Arms


You were in the Dungeon.
You worshipped Trog.
Trog was extremely pleased with you.
You visited 1 branch

Inventory:

Hand Weapons
 a - a +0 war axe (weapon)
 p - a +0 heavy hand axe
Armour
 b - a +0 scale mail
 c - a +0 buckler
 o - a +3 chain mail (worn)
 q - a +0 buckler of protection (worn)
Scrolls
 j - a scroll of blinking
 l - 2 scrolls of vulnerability
 m - 5 scrolls of amnesia
 n - a scroll of butterflies
Potions
 d - a potion of might
 e - 6 potions of curing
 f - 3 potions of heal wounds
 g - a potion of haste
 h - 4 potions of magic
 i - 3 potions of berserk rage
 k - 2 potions of invisibility


   Skills:
 + Level 11.6 Fighting
 + Level 12.8 Axes
 + Level 12.1 Armour
 + Level 3.4 Dodging
 + Level 0.9 Stealth
 + Level 10.7 Shields


You had 7 spell levels left.
You didn't know any spells.
Your spell library was empty.

Dungeon Overview and Level Annotations

Branches:
Dungeon (1/1)

Altars:
Cheibriados
Dithmenos
Elyvilon
Fedhas
Gozag
Hepliaklqana
Makhleb
Nemelex Xobeh
Okawaru
Qazlal
Ru
Sif Muna
Trog
Vehumet
Wu Jian
Xom
Yredelemnul
Zin
The Shining One
Jiyva
Lugonu


Innate Abilities, Weirdness & Mutations

You have a pair of horns on your head.
You reflexively headbutt those who attack you in melee.


Message History

You are more poisoned.
You feel extremely sick.
You hit the swamp dragon but do no damage.
The swamp dragon is almost dead.
You hit the orc sorcerer.
* * * LOW HITPOINT WARNING * * *
You feel extremely sick. You block the orc sorcerer's attack.
The swamp dragon bites you but does no damage.
The swamp dragon claws you but does no damage.
The swamp dragon barely misses you.
You slice the swamp dragon!!
You kill the swamp dragon!
Trog accepts your kill.
You hit the orc sorcerer.
* * * LOW HITPOINT WARNING * * *
You feel extremely sick.
The orc sorcerer hits you but does no damage.
Your Axes skill increases to level 12!
Your Armour skill increases to level 12!
You closely miss the orc sorcerer.
The orc sorcerer is severely wounded.
* * * LOW HITPOINT WARNING * * *
You feel very sick.
You slash the orc sorcerer! Your headbutt misses the orc sorcerer.
The orc sorcerer is almost dead.
* * * LOW HITPOINT WARNING * * *
You feel very sick.
You barely miss the orc sorcerer.
The orc sorcerer is almost dead.
* * * LOW HITPOINT WARNING * * *
You feel very sick.
The orc sorcerer hits you but does no damage.
You slash the orc sorcerer!
You kill the orc sorcerer!
Trog accepts your kill.
Trog appreciates your killing of a magic user.
Trog grants you a weapon! Something appears at your feet!
You see here a +1 heavy broad axe.
You die...

#.#........##.......#
#.#........##.......#
#)###########.......#
#.......#.. #########
#..#.#..#.######
#.##.##.#.#....#
#.......#'#....#
#.##.##.#.'....+
#..#.#..#○#@)..#
#.......○○#....#
################


There were no monsters in sight!

Vanquished Creatures
  A swamp dragon (D)
  An orc sorcerer (D)
  A freezing wraith (D)
  2 glass eyes (D)
  A fire bat (D)
  A crimson imp (D)
  A gnoll bouda (D)
  A mummy (D)
  3 gnolls (D)
  An adder (D)
  An ufetubus (D)
  An endoplasm (D)
  A hobgoblin (D)
  5 jackals (D)
  A frilled lizard (D)
  A kobold (D)
  2 rats (D)
25 creatures vanquished.

Vanquished Creatures (collateral kills)
  A glass eye (D)
  A gnoll sergeant (D)
  A gnoll (D)
  A dart slug (D)
4 creatures vanquished.

Vanquished Creatures (others)
  A rat (D)
1 creature vanquished.

Grand Total: 30 creatures vanquished

Notes
Turn   | Place    | Note
-------+----------+-------------------------------------------
     0 | D        | boopmooplesden the Minotaur Fighter began the quest for the
                  | Orb.
     0 | D        | Reached XP level 1. HP: 19/19 MP: 0/0
    13 | D        | Reached XP level 2. HP: 28/28 MP: 1/1
    38 | D        | Found a bloodstained altar of Trog.
    38 | D        | Found a shimmering blue altar of Sif Muna.
    38 | D        | Found a viscous altar of Jiyva.
    38 | D        | Found a hazy altar of Hepliaklqana.
    38 | D        | Found an opulent altar of Gozag.
    39 | D        | Found a glowing golden altar of the Shining One.
    39 | D        | Found a glowing silver altar of Zin.
    39 | D        | Found a basalt altar of Yredelemnul.
    39 | D        | Found a shimmering altar of Xom.
    39 | D        | Found an ornate altar of the Wu Jian Council.
    39 | D        | Found a sacrificial altar of Ru.
    39 | D        | Found a stormy altar of Qazlal.
    39 | D        | Found an iron altar of Okawaru.
    39 | D        | Found a sparkling altar of Nemelex Xobeh.
    39 | D        | Found a burning altar of Makhleb.
    39 | D        | Found a blossoming altar of Fedhas.
    39 | D        | Found a white marble altar of Elyvilon.
    39 | D        | Found a shadowy altar of Dithmenos.
    39 | D        | Found a snail-covered altar of Cheibriados.
    41 | D        | Found a corrupted altar of Lugonu.
    41 | D        | Found a radiant altar of Vehumet.
    42 | D        | Became a worshipper of Trog the Wrathful
    54 | D        | Reached * piety under Trog
    61 | D        | Reached skill level 5 in Fighting
    61 | D        | Reached skill level 5 in Armour
    63 | D        | Reached skill level 5 in Shields
    69 | D        | Reached ** piety under Trog
    75 | D        | Reached *** piety under Trog
   141 | D        | Noticed a glass eye
   141 | D        | Noticed a crimson imp
   141 | D        | Noticed a fire bat
   155 | D        | Killed a fire bat
   156 | D        | Reached skill level 5 in Axes
   156 | D        | Reached skill level 1 in Dodging
   156 | D        | Reached XP level 3. HP: 28/39 MP: 2/2
   156 | D        | Reached XP level 4. HP: 33/47 MP: 3/3
   156 | D        | Reached XP level 5. HP: 37/52 MP: 4/4
   170 | D        | Killed a glass eye
   171 | D        | Reached XP level 6. HP: 51/63 MP: 5/5
   173 | D        | Reached **** piety under Trog
   179 | D        | Reached skill level 10 in Armour
   185 | D        | Noticed a glass eye
   197 | D        | Killed a glass eye
   197 | D        | Reached ***** piety under Trog
   198 | D        | Reached skill level 10 in Fighting
   198 | D        | Reached XP level 7. HP: 64/72 MP: 6/6
   314 | D        | Noticed a freezing wraith
   323 | D        | HP: 2/108 [freezing wraith (19)]
   325 | D        | Killed a freezing wraith
   326 | D        | Reached skill level 10 in Axes
   328 | D        | Noticed a glass eye
   349 | D        | Reached skill level 10 in Shields
   352 | D        | Killed a glass eye
   353 | D        | Reached XP level 8. HP: 44/82 MP: 7/7
   666 | D        | Noticed a swamp dragon
   667 | D        | Noticed an orc sorcerer
   677 | D        | Killed a swamp dragon
   680 | D        | HP: 3/124 [poisoned by a swamp dragon (poison gas)]
   681 | D        | Killed an orc sorcerer
   681 | D        | Received a gift from Trog
   681 | D        | Succumbed to a swamp dragon's poison gas

Illustrated notes

Levels and vault maps discovered:
D:        pitsprint [storerooms_1, entrance_room_1, metal_vault_6, armoury_1,
          mini_pit_1, grid_room_1, main_hall_1, silver_pit, the_coven_1,
          the_vestibule_1, steel_vault_3, golden_pit, hallway_of_sentries,
          crystal_vault_2, iron_vault_1, final_vault]

Skill      XL: |  1  2  3  4  5  6  7  8 |
---------------+-------------------------+-----
Fighting       | 4 7 9 10 11 | 11.6
Armour         | 4 8 9 10 11 12 | 12.1
Shields        | 4 7 8 9 10 | 10.7
Axes           | 5 7 9 11 12 | 12.8
Dodging        | 1 2 3 |  3.4
Stealth        | |  0.9

Action                     |  1- 3 |  4- 6 |  7- 9 || total
---------------------------+-------+-------+-------++-------
  Melee: War axe           |    27 |    33 |    27 ||    87
         Headbutt          |     4 |     5 |     6 ||    15
 Invoke: Berserk           |       |     1 |     2 ||     3
         Brothers in Arms  |       |       |     1 ||     1
    Use: Potion            |       |       |     3 ||     3
 Armour: Scale mail        |    16 |       |       ||    16
         Chain mail        |     8 |     5 |    39 ||    52
  Dodge: Dodged            |    17 |    12 |    15 ||    44
  Block: Buckler           |     9 |     5 |     9 ||    23
